[Event "FISCA Open 2022"]
[Site "Cap Aurora"]
[Date "2022.06.27"]
[Round "7.3"]
[White "Gilea, Lucian"]
[Black "Stegaroiu, Marcel-Florian"]
[Result "1-0"]
[ECO "A48"]
[WhiteElo "2277"]
[BlackElo "1917"]
[Annotator "TA"]
[PlyCount "153"]
[EventDate "2022.06.22"]
[EventType "swiss"]
[EventCountry "ROU"]
[SourceTitle "playchess.com"]
[Source "ChessBase"]
[SourceQuality "1"]
[TimeControl "5400+30"]

1. d4 Nf6 2. Nf3 d6 3. Bf4 g6 4. h3 Bg7 5. e3 c6 6. Bc4 O-O 7. O-O Nbd7 8. Bh2 Ne4 9. Nbd2 {[%emt 0:00:34] The position is equal.} Ndf6 10. c3 a5 11. a4 d5 12. Be2 h6 13. Nb3 Nd7 14. Bd3 Nd6 15. Nbd2 Nf6 16. Ne1 Bf5 17. f3 Bxd3 18. Nxd3 Qc8 19. Qe2 Nfe8 20. e4 e6 21. Kh1 b6 22. Ne5 c5 23. Rac1 Qb7 24. c4 (24. b3 $14) 24... dxc4 (24... cxd4 $11 25. cxd5 exd5) 25. dxc5 $16 {[%emt 0:02:38] White is more active.} (25. Ndxc4 $6 cxd4 26. Rfd1 (26. Nxg6 Nxc4 27. Nxf8 Ncd6 $11) 26... Rc8 $14) 25... bxc5 26. Ndxc4 (26. Nexc4 Nxc4 27. Nxc4 Bd4 $16) 26... Nxc4 27. Qxc4 (27. Nxc4 Bd4 $16) (27. Rxc4 $142 Qa6 28. Rd1 (28. Nd7 Nd6 $16)) 27... Bxe5 (27... Nf6 $16) 28. Bxe5 $18 Rc8 29. Rc2 Nc7 30. Bc3 (30. Qxc5 {[#]} Nd5 $1 31. exd5 (31. Qf2 Rxc2 32. Qxc2 Ne3 $15) 31... Rxc5 32. Rxc5 Qb4 $11) 30... Qb6 (30... Na6 $142 31. Rd2 (31. Bxa5 Nb4 $16) 31... Nb4) 31. Rd1 Rcd8 32. Rcd2 Rxd2 33. Rxd2 ({Inferior is} 33. Bxd2 Rd8 $11) 33... Ra8 34. Rd7 (34. Qe2 $142) 34... Qc6 35. Qd3 (35. Rd1 $18) 35... Nd5 $1 $11 36. Qb5 Qxb5 37. axb5 Nxc3 38. bxc3 {[%emt 0:00:02][%mdl 4096] Endgame KR-KR} a4 39. b6 Rb8 40. Ra7 Rxb6 41. Rxa4 Kf8 42. Ra5 Rc6 43. Ra7 e5 44. c4 Kg7 45. Kg1 Kf6 46. Kf2 Ke6 47. h4 Kf6 48. g4 g5 49. h5 Ke6 50. Ke3 Kf6 51. Rd7 Ke6 52. Rd5 Rc8 53. Ke2 Rc7 54. Rd8 Rc6 55. Rd5 ({White should play} 55. Re8+ $14 Kd6 56. Ra8) 55... Rc8 56. Kd3 Rc6 57. Kc2 Rc8 58. Kc3 Rc6 59. Rd8 Ke7 60. Ra8 Rf6 $1 61. Ra7+ Kf8 62. Rc7 Rxf3+ 63. Kd2 Rf4 64. Ke3 Rxg4 {[%emt 0:00:48] White must now prevent ...Rh4.} 65. Rxc5 f5 ({Better is} 65... Rh4 $15 66. Rxe5 Rxh5) 66. exf5 Kf7 67. Rc6 Rf4 68. c5 g4 $2 (68... Rxf5 $11 69. Rxh6 Rf4) 69. Rxh6 $18 {[%emt 0:00:46] Threatens to win with c6.} Rxf5 70. Ke4 $2 ({White must play} 70. c6 $18 {White threatens c7 and mate.} Rf3+ 71. Ke4) 70... Rg5 $1 $11 71. c6 {[%emt 0:03:46] c7 would kill now.} Ke7 $2 {[%emt 0:01:30][%mdl 8192] [#]} (71... g3 $11 72. c7 Rg8) 72. Rh7+ {[%emt 0:04:58] White mates.} Kd6 73. c7 Rg8 74. h6 Kc6 75. Rg7 Rh8 76. h7 g3 77. Rg8 {[%emt 0:00:28] Weighted Error Value: White=0.18 (very precise) /Black=0.18 (very precise)} 1-0

[Event "FISCA Open 2022"]
[Site "Cap Aurora"]
[Date "2022.06.27"]
[Round "7.5"]
[White "Mintau, Andrei-Catalin"]
[Black "Girmacea, Bogdan"]
[Result "1/2-1/2"]
[ECO "C07"]
[WhiteElo "2130"]
[BlackElo "2133"]
[Annotator "NA RC"]
[PlyCount "63"]
[EventDate "2022.06.22"]
[EventType "swiss"]
[EventCountry "ROU"]
[SourceTitle "playchess.com"]
[Source "ChessBase"]
[SourceQuality "1"]
[TimeControl "5400+30"]

1. e4 e6 2. d4 d5 3. Nd2 c5 4. Ngf3 cxd4 5. Nxd4 Nf6 6. exd5 Nxd5 7. N2f3 a6 $11 8. Be2 Bb4+ 9. Bd2 Bd6 10. O-O Qc7 11. c4 Nf4 12. Rc1 O-O 13. c5 Nxe2+ 14. Nxe2 Be7 15. Bf4 Qa5 16. Qc2 Bd7 17. Rfd1 Bb5 18. Ned4 Nc6 19. b3 Rfd8 20. a4 Nxd4 21. Nxd4 Be8 22. Qc4 Rd5 23. Nxe6 Rxd1+ 24. Rxd1 fxe6 25. Qxe6+ Kf8 26. Rd5 Bf7 27. Rf5 Bf6 28. Rxf6 gxf6 29. Bh6+ Kg8 30. Qg4+ Bg6 31. Qe6+ Bf7 32. Qg4+ 1/2-1/2

[Event "FISCA Open 2022"]
[Site "Cap Aurora"]
[Date "2022.06.27"]
[Round "7.7"]
[White "Trifoi, Mihaela-Ioana"]
[Black "Mitev, Mitko"]
[Result "1-0"]
[ECO "B01"]
[WhiteElo "1949"]
[BlackElo "1781"]
[Annotator "NA RC"]
[PlyCount "70"]
[EventDate "2022.06.22"]
[EventType "swiss"]
[EventCountry "ROU"]
[SourceTitle "playchess.com"]
[Source "ChessBase"]
[SourceQuality "1"]
[TimeControl "5400+30"]

1. e4 d5 2. exd5 Qxd5 3. Nc3 Qd8 4. d4 Nf6 5. Nf3 c6 6. Be3 Bg4 (6... Bf5 $11) 7. h3 Bh5 8. g4 Bg6 9. Ne5 Nbd7 10. Nxg6 hxg6 11. Qf3 e6 12. O-O-O Bd6 13. Kb1 Qc7 14. Bg2 Nb6 $14 15. g5 Nfd5 16. Ne4 Bf4 17. Bf1 Rh4 18. c4 Ne7 19. Rg1 Bxe3 20. fxe3 Nf5 21. Rg4 O-O-O 22. c5 Nd5 23. Nd6+ Kb8 24. Rxh4 Nxh4 25. Qxf7 Qxf7 26. Nxf7 Nxe3 27. Nxd8 Nxd1 28. Nxe6 Ne3 29. Bd3 Nhf5 30. Kc1 Kc8 31. Kd2 Kd7 32. Nxg7 Ke7 33. Nxf5+ Nxf5 34. Bxf5 gxf5 35. Ke3 Kf7 1-0

[Event "FISCA Open 2022"]
[Site "Cap Aurora"]
[Date "2022.06.27"]
[Round "7.8"]
[White "Miron, Iurii"]
[Black "Negrean, Andrei"]
[Result "1-0"]
[ECO "E42"]
[WhiteElo "1769"]
[BlackElo "1846"]
[Annotator "NA RC"]
[PlyCount "147"]
[EventDate "2022.06.22"]
[EventType "swiss"]
[EventCountry "ROU"]
[SourceTitle "playchess.com"]
[Source "ChessBase"]
[SourceQuality "1"]
[TimeControl "5400+30"]

1. d4 e6 2. c4 Bb4+ 3. Nc3 c5 4. e3 Nf6 5. Nge2 O-O $14 6. dxc5 Bxc5 7. g3 Qc7 8. Bg2 Bb4 9. Qb3 Nc6 10. O-O Be7 11. Qd1 a6 12. b3 b6 13. Bb2 Bb7 14. Nf4 Rac8 15. Rc1 Qb8 16. Ne4 Nxe4 17. Bxe4 g6 18. Qd3 f5 19. Bg2 Rcd8 20. Nd5 Kf7 21. Nxe7 Nxe7 22. Bxb7 Qxb7 23. Qd6 Qe4 24. Rfd1 Nc6 25. Qc7 Ke8 26. Qxb6 h5 27. Qxa6 h4 28. c5 g5 29. Qe2 g4 30. Rc4 Qf3 31. Qxf3 gxf3 32. Rxh4 e5 33. Rh7 Rf7 34. Rxf7 Kxf7 35. Bc3 e4 36. a3 Ne7 37. Rd6 Ra8 38. a4 Ra7 39. h4 Ke8 40. h5 Kf7 41. Rb6 Nd5 42. Bd4 Nxb6 43. cxb6 Ra8 44. Be5 Rc8 45. b7 Rc1+ 46. Kh2 Rf1 47. b8=Q Rxf2+ 48. Kh3 Rf1 49. g4 fxg4+ 50. Kg3 Rg1+ 51. Kf2 Rg2+ 52. Kf1 Rd2 53. Qb4 Rd3 54. Qc4+ d5 55. Qc7+ Ke6 56. Qd6+ Kf7 57. Qg6+ Ke7 58. Qxg4 Rd1+ 59. Kf2 Rd2+ 60. Ke1 f2+ 61. Kf1 Rd3 62. Kxf2 Rd2+ 63. Qe2 Rxe2+ 64. Kxe2 Kf7 65. a5 Ke6 66. Bd4 Kf5 67. a6 Kg4 68. a7 Kg5 69. a8=Q Kf5 70. Qc8+ Kg5 71. Qg8+ Kh4 72. h6 Kh5 73. h7 Kh6 74. h8=Q# 1-0

[Event "FISCA Open 2022"]
[Site "Cap Aurora"]
[Date "2022.06.27"]
[Round "7.9"]
[White "Donici-Maier, David"]
[Black "Mihailiuc, Flavius-Iulian"]
[Result "0-1"]
[ECO "B91"]
[WhiteElo "1786"]
[BlackElo "1820"]
[Annotator "NA RC"]
[PlyCount "108"]
[EventDate "2022.06.22"]
[EventType "swiss"]
[EventCountry "ROU"]
[SourceTitle "playchess.com"]
[Source "ChessBase"]
[SourceQuality "1"]
[TimeControl "5400+30"]

1. e4 c5 2. Nf3 a6 3. g3 g6 4. Bg2 Bg7 5. d4 cxd4 6. Nxd4 Nc6 7. Be3 d6 8. O-O Nf6 9. h3 O-O 10. Nc3 Bd7 11. Kh2 Rc8 12. f4 b5 13. Nb3 Na5 14. Nxa5 Qxa5 15. Bd4 b4 16. e5 bxc3 17. exf6 Bxf6 18. Bxf6 exf6 19. bxc3 Qxc3 20. Qxd6 Bb5 21. Rfd1 Qxc2 22. Rd2 Qc3 23. Rad1 Kg7 24. Qd4 Qc7 25. Qb2 Rfe8 26. Rd6 Qc3 27. Qxc3 Rxc3 28. R1d2 g5 29. fxg5 fxg5 30. a4 Bxa4 31. Rxa6 Bb3 32. Rad6 Ree3 33. g4 Be6 34. Rc6 Ra3 35. Rc5 Kg6 36. Rcc2 h5 37. gxh5+ Kxh5 38. Re2 Rg3 39. Rf2 Kg6 40. Rc6 Kg7 41. Rc7 Kg8 42. Rb7 Kh7 43. Rc7 Rgb3 44. Be4+ Kg7 45. Bf5 Bd5 46. Rc1 Rf3 47. Rxf3 Rxf3 48. Bc8 Rf2+ 49. Kg1 Rg2+ 50. Kf1 Rd2 51. Rc5 Kg6 52. Ke1 Rd4 53. Ke2 Rc4 54. Rxd5 Rxc8 0-1

[Event "FISCA Open 2022"]
[Site "Cap Aurora"]
[Date "2022.06.27"]
[Round "7.10"]
[White "Puia, Alexia-Teodora"]
[Black "Nacu, Mihai"]
[Result "1-0"]
[ECO "D00"]
[WhiteElo "1787"]
[BlackElo "1641"]
[Annotator "NA RC"]
[PlyCount "101"]
[EventDate "2022.06.22"]
[EventType "swiss"]
[EventCountry "ROU"]
[SourceTitle "playchess.com"]
[Source "ChessBase"]
[SourceQuality "1"]
[TimeControl "5400+30"]

1. d4 d5 2. Bf4 c5 3. c3 Nc6 4. e3 Qb6 5. Qb3 c4 6. Qxb6 axb6 7. Nd2 b5 8. e4 Nf6 9. exd5 Nxd5 10. Bg3 Bf5 11. Ngf3 e6 12. Be2 Be7 13. O-O O-O 14. a4 b4 15. Rfc1 bxc3 16. bxc3 Nb6 17. Nxc4 Nxa4 18. Bd1 b5 19. Bxa4 bxa4 20. Bd6 Bxd6 21. Nxd6 Bd3 22. Ne1 Bg6 23. Ra3 Ra6 24. Rca1 Rfa8 25. Nb7 Kf8 26. Nc5 R6a7 27. Rxa4 Rxa4 28. Rxa4 Rxa4 29. Nxa4 Ke7 30. Kf1 Kd6 31. Ke2 Na5 32. Nf3 Nc4 33. Nc5 h6 34. Nd3 Bf5 35. Nde5 Nxe5 36. Nxe5 f6 37. Nc4+ Kc6 38. Nd2 Bc2 39. Ke3 Kd6 40. c4 Bf5 41. Ne4+ Kc6 42. Ng3 Bg6 43. Ne2 Bf7 44. Nf4 Bg8 45. Nh5 e5 46. d5+ Kc5 47. Nxg7 f5 48. Nxf5 Kxc4 49. d6 Be6 50. Ke4 Bd5+ 51. Kxe5 1-0

[Event "FISCA Open 2022"]
[Site "Cap Aurora"]
[Date "2022.06.27"]
[Round "7.11"]
[White "Corbu, George-Alexandru"]
[Black "Bujorean, Dorel"]
[Result "1/2-1/2"]
[ECO "E46"]
[WhiteElo "1914"]
[BlackElo "1608"]
[Annotator "NA RC"]
[PlyCount "149"]
[EventDate "2022.06.22"]
[EventType "swiss"]
[EventCountry "ROU"]
[SourceTitle "playchess.com"]
[Source "ChessBase"]
[SourceQuality "1"]
[TimeControl "5400+30"]

1. d4 Nf6 2. c4 e6 3. Nc3 Bb4 4. e3 O-O 5. Bd2 c5 6. Nf3 Bxc3 7. Bxc3 Ne4 8. Rc1 Nxc3 9. Rxc3 cxd4 10. exd4 d5 11. c5 Nc6 12. Bb5 Bd7 13. Bxc6 Bxc6 14. O-O Bb5 15. Re1 a5 16. Qd2 b6 17. Qf4 bxc5 18. dxc5 Qf6 19. Qd4 Rfc8 20. Ne5 Qe7 21. f4 Rc7 22. a3 a4 23. Rec1 Rac8 24. Qb4 Be8 25. Nd3 Rb7 26. Qd4 Bb5 27. Nb4 Bc4 28. c6 Rxb4 29. axb4 Qxb4 30. Qa7 g6 31. Kh1 Qb5 32. Qb7 Qxc6 33. Qxc6 Rxc6 34. Kg1 Rb6 35. R1c2 Kg7 36. Rc1 Kg8 37. R1c2 Kg7 38. Rd2 Kf6 39. Kf2 h5 40. Rf3 Kf5 41. g3 Rb4 42. h3 Bb5 43. Re3 h4 44. Re5+ Kf6 45. Re3 hxg3+ 46. Kxg3 d4 47. Re5 d3 48. Rc5 Rb3 49. Kf2 Kg7 50. Ke3 f5 51. Rc7+ Kf6 52. Rb7 Rb4 53. Rb6 Re4+ 54. Kf3 Bc4 55. Rb4 g5 56. fxg5+ Kxg5 57. Rxa4 e5 58. Rb4 Re2 59. Rxe2 dxe2 60. Kf2 Bd3 61. Rb8 e4 62. Re8 f4 63. b4 e3+ 64. Ke1 Kh4 65. Rd8 Bb5 66. Rd5 Bc6 67. Rd4 Kg3 68. Rd6 Bb5 69. Rd5 Bc4 70. Rc5 Bd3 71. Rc3 Bb5 72. Rc5 Bd3 73. Rc3 Bb5 74. Rc5 Bd3 75. Rc3 1/2-1/2

[Event "FISCA Open 2022"]
[Site "Cap Aurora"]
[Date "2022.06.27"]
[Round "7.12"]
[White "Nicolae, Marian-Valentin"]
[Black "Costache, Andrei Eugeniu"]
[Result "1/2-1/2"]
[ECO "B24"]
[WhiteElo "1886"]
[BlackElo "1479"]
[Annotator "NA RC"]
[PlyCount "114"]
[EventDate "2022.06.22"]
[EventType "swiss"]
[EventCountry "ROU"]
[SourceTitle "playchess.com"]
[Source "ChessBase"]
[SourceQuality "1"]
[TimeControl "5400+30"]

1. e4 c5 2. Nc3 d6 3. g3 Nf6 4. Bg2 Nc6 5. Nge2 e6 6. O-O Be7 7. d3 O-O 8. h3 Rb8 $11 9. f4 d5 10. exd5 exd5 11. f5 Re8 12. Bg5 Nh5 13. Bd2 Nf6 14. g4 d4 15. Ne4 Nxe4 16. Bxe4 Bg5 17. Bf4 Ra8 18. Qd2 Bxf4 19. Nxf4 Qh4 20. Qg2 Bd7 21. Nd5 Re5 22. Kh2 Rae8 23. Qg3 Qxg3+ 24. Kxg3 Ne7 25. Nxe7+ R8xe7 26. f6 gxf6 27. Rxf6 Kg7 28. Raf1 Be6 29. h4 c4 30. g5 cxd3 31. cxd3 Bd5 32. Bxd5 Rxd5 33. Kg4 Rde5 34. h5 Re3 35. h6+ Kf8 36. R1f3 Re2 37. Rf2 Rxf2 38. Rxf2 Re3 39. Rf3 Re2 40. Rf4 Rxb2 41. Rxd4 Rxa2 42. Rd8+ Ke7 43. Rh8 Rg2+ 44. Kf4 Rf2+ 45. Kg3 Rf1 46. Rxh7 Rg1+ 47. Kf4 Rf1+ 48. Ke4 Rg1 49. Rg7 Kf8 50. Kd4 Rg4+ 51. Kc3 Rg3 52. Kc4 b5+ 53. Kxb5 Rxd3 54. g6 fxg6 55. Rxa7 Kg8 56. Rg7+ Kh8 57. Rxg6 Kh7 1/2-1/2

[Event "FISCA Open 2022"]
[Site "Cap Aurora"]
[Date "2022.06.27"]
[Round "7.13"]
[White "Dobra, Costica"]
[Black "Aldea, Maria-Antonia"]
[Result "1/2-1/2"]
[ECO "E11"]
[WhiteElo "1837"]
[BlackElo "1655"]
[Annotator "NA RC"]
[PlyCount "59"]
[EventDate "2022.06.22"]
[EventType "swiss"]
[EventCountry "ROU"]
[SourceTitle "playchess.com"]
[Source "ChessBase"]
[SourceQuality "1"]
[TimeControl "5400+30"]

1. d4 Nf6 2. c4 e6 3. Nf3 Bb4+ 4. Bd2 Qe7 5. a3 Bxd2+ 6. Nbxd2 d6 7. e4 e5 8. d5 O-O 9. Bd3 a5 10. h3 Na6 $11 11. Bc2 Bd7 12. O-O Nh5 13. Ne1 Nf4 14. Kh2 Qh4 15. Ndf3 Qh6 16. Ng1 f5 17. Qd2 Qf6 18. g3 Ng6 19. Qxa5 fxe4 20. Qc3 Ne7 21. Bxe4 Nc5 22. Bg2 Bf5 23. f4 exf4 24. Qxf6 fxg3+ 25. Kxg3 Rxf6 26. b4 Nd3 27. Kh2 Ne5 28. Rf4 N7g6 29. Rd4 Bd7 30. c5 1/2-1/2

[Event "FISCA Open 2022"]
[Site "Cap Aurora"]
[Date "2022.06.28"]
[Round "8.1"]
[White "Gilea, Lucian"]
[Black "Petre, Nad-Titus"]
[Result "1/2-1/2"]
[ECO "E67"]
[WhiteElo "2277"]
[BlackElo "2297"]
[Annotator "TA"]
[PlyCount "106"]
[EventDate "2022.06.22"]
[EventType "swiss"]
[EventCountry "ROU"]
[SourceTitle "playchess.com"]
[Source "ChessBase"]
[SourceQuality "1"]
[TimeControl "5400+30"]

1. d4 Nf6 2. c4 d6 3. Nc3 e5 4. Nf3 Nbd7 5. g3 g6 6. Bg2 Bg7 7. dxe5 dxe5 8. Qc2 O-O 9. O-O c6 10. b3 Re8 11. Rd1 Qc7 12. Ba3 Bf8 {[%emt 0:00:27] Prevents Bd6. E67: King's Indian: Fianchetto: 6...Nbd7.} 13. Bb2 a5 14. Na4 Nc5 15. Nxc5 Bxc5 16. e3 Bf5 17. Qe2 {[%emt 0:05:27] [#]} Nd7 $146 ({Predecessor:} 17... a4 18. h3 axb3 19. axb3 Rxa1 20. Bxa1 Be4 21. Qb2 Bxf3 22. Bxf3 Qe7 {½-½ (33) Antova,G (2293)-Rodriguez Rivera,P (2197) Saint Louis 2022}) 18. Nd2 Be7 19. g4 Be6 (19... Bc2 $2 20. Rdc1 $18) 20. Ne4 Nc5 21. h3 a4 22. Nxc5 Bxc5 23. Bc3 Bf8 24. b4 a3 25. Rab1 f6 26. Bf1 (26. b5 {with more complications.} cxb5 27. Rxb5 Bxc4 28. Qxc4+ Qxc4 29. Bd5+) 26... Qf7 27. Rd2 b6 (27... b5 $5 28. Qd1 Bxc4 29. Bxc4 Qxc4 $17) 28. h4 ({White should play} 28. Rc2 $15) 28... c5 (28... b5 $17 29. Qd1 Bxc4 30. Bxc4 Qxc4) 29. bxc5 $15 Bxc5 30. Bb4 Ra4 (30... f5 $15 {was preferrable.}) 31. Bxc5 $11 bxc5 32. Qd1 Rb4 33. Rxb4 {[%emt 0:00:41] The position is equal.} cxb4 34. Rd8 $1 Kg7 {[%emt 0:01:33][%cal Oe6g4] [#] Hoping for ...Bxg4!} 35. Rxe8 Qxe8 {[%emt 0:00:02][%mdl 4096] Endgame KQB-KQB} 36. Qd6 Bxg4 {[%emt 0:01:24] And now ...Qf8 would win.} 37. Qxb4 Bf3 38. Bg2 Qc6 39. Bxf3 Qxf3 40. Qxa3 {[%emt 0:01:07] [#] Black must now prevent Qe7+. KQ-KQ} Qg4+ 41. Kf1 Qd1+ 42. Kg2 {[%emt 0:00:06] Qe7+ is the strong threat.} Qg4+ 43. Kf1 Qxc4+ 44. Ke1 Qxh4 45. Qa7+ Kh6 46. a4 Qb4+ 47. Kf1 Qc4+ 48. Kg1 Kg5 49. a5 h5 50. Qb7 Kh6 51. a6 {[%emt 0:00:47] White threatens a7 and mate.} Qg4+ 52. Qg2 Qa4 53. Qb7 {[%emt 0:01:37] Threatens to win with a7.} Qg4+ {[%emt 0:00:01] Weighted Error Value: White=0.06 (flawless) /Black=0.07 (flawless)} 1/2-1/2

[Event "FISCA Open 2022"]
[Site "Cap Aurora"]
[Date "2022.06.28"]
[Round "8.2"]
[White "Trifoi, Mihaela-Ioana"]
[Black "Ardeleanu, Alin"]
[Result "1/2-1/2"]
[ECO "B31"]
[WhiteElo "1949"]
[BlackElo "2290"]
[Annotator "TA"]
[PlyCount "110"]
[EventDate "2022.06.22"]
[EventType "swiss"]
[EventCountry "ROU"]
[SourceTitle "playchess.com"]
[Source "ChessBase"]
[SourceQuality "1"]
[TimeControl "5400+30"]

1. e4 g6 2. d4 Bg7 3. Nf3 d6 4. Bd3 Nf6 5. c3 O-O 6. O-O c5 7. Re1 Nc6 8. h3 Nd7 9. Bb5 Qb6 10. Bxc6 bxc6 {[%emt 0:00:00] B31: Sicilian: 2...Nc6 3 Bb5 g6.} 11. Na3 (11. b3 $11) 11... cxd4 $15 12. cxd4 {[%emt 0:02:52] [#]} c5 $146 {[%emt 0:00:00][%cal Rc5d4] Black has an edge.} ({Predecessor:} 12... Ba6 13. b3 c5 14. Bb2 cxd4 15. Bxd4 Bxd4 16. Qxd4 Rfc8 17. Rec1 Qxd4 18. Nxd4 Nc5 {0-1 (60) Jeitz,C (2251)-Frindt,K (2151) Kallithea 2008}) 13. d5 Ba6 ({Don't play} 13... Bxb2 14. Nc4 Bxa1 15. Nxb6 axb6 16. Bh6 $14) 14. Rb1 Rab8 15. Nc2 Nf6 16. b4 Qc7 17. Bf4 Nh5 18. Be3 Bc3 {[%emt 0:00:00] This bishop pair is nice.} 19. Bd2 cxb4 20. Nxb4 (20. Nfd4 {looks sharper.} Bb7 21. Rb3 Nf6 22. Nb5) 20... Rxb4 21. Rxb4 Bxb4 22. Bxb4 Qc4 (22... Nf4 $1 $11) 23. a3 Nf4 24. Re3 Rc8 25. Nd2 ({Better is} 25. Nd4 $11) 25... Qc1 26. Re1 Qxd1 27. Rxd1 Nd3 28. Ba5 Rc5 (28... f5 $15) 29. Nb3 $11 Rc2 30. Rd2 Rc8 31. Rd1 Kf8 32. Nd4 Ne5 33. f3 Rc4 34. Bd2 Ke8 35. Nb3 (35. Bf4 $11) 35... Rc2 (35... Ra4 $15) 36. Rb1 Bc4 {[%emt 0:00:30] [#] Threatens to win with ...Bxb3.} 37. Ba5 Bd3 38. Rc1 Rxc1+ 39. Nxc1 $15 {[%emt 0:00:00][%mdl 4096] Endgame KBN-KBN} Bc4 (39... Bc2 $15) 40. Kf2 $11 f5 41. Bd2 Nd7 42. Ne2 Nc5 43. Nc3 a6 44. g3 Kf7 45. Ke3 Nb3 46. Be1 fxe4 47. fxe4 Bf1 48. h4 Nc5 49. g4 Bc4 50. Bg3 Bf1 51. e5 dxe5 52. Bxe5 Nd7 53. Bg3 Nf6 54. g5 Nh5 {[%emt 0:00:30] [#]} (54... Ne8 $11) 55. Be5 $18 Nf6 $2 {[%emt 0:01:51][%mdl 32768] Weighted Error Value: White=0.12 (very precise) /Black=0.21 (precise) . An unexpected result.} (55... Ng7) 1/2-1/2

[Event "FISCA Open 2022"]
[Site "Cap Aurora"]
[Date "2022.06.28"]
[Round "8.3"]
[White "Prisacaru, Stefan-Emilian"]
[Black "Coca, Cristi-Iulian"]
[Result "1/2-1/2"]
[ECO "E91"]
[WhiteElo "1937"]
[BlackElo "2174"]
[Annotator "RC"]
[PlyCount "96"]
[EventDate "2022.06.22"]
[EventType "swiss"]
[EventCountry "ROU"]
[SourceTitle "playchess.com"]
[Source "ChessBase"]
[SourceQuality "1"]
[TimeControl "5400+30"]

1. d4 Nf6 2. c4 g6 3. Nc3 Bg7 4. e4 d6 5. Nf3 O-O 6. Be2 c5 7. d5 e6 8. O-O exd5 9. exd5 Re8 10. Re1 h6 11. h3 Bf5 12. Bd3 Bxd3 13. Rxe8+ Nxe8 14. Qxd3 Nd7 15. Bf4 f5 16. Qe3 Kh7 17. Nb5 Nf8 18. h4 a6 19. Nc3 Nf6 20. Re1 Qb6 21. Qd2 Re8 22. Rxe8 Nxe8 23. b3 Qd8 24. Ne2 Nf6 25. Ng3 Ng4 26. Qe2 Qf6 27. Nf1 Ne5 28. N1d2 Nfd7 29. g3 Qd8 30. Qd1 Nf7 31. Qc2 Qf6 32. Be3 Kg8 33. Nf1 g5 34. Qc1 f4 35. hxg5 Nxg5 36. Nxg5 fxe3 37. Ne4 exf2+ 38. Nxf2 Ne5 39. Qf4 Qg6 40. Qe4 Qg5 41. Kg2 Qc1 42. Qf5 Qb2 43. Qe6+ Kh7 44. Qf5+ Kg8 45. Qe6+ Kh8 46. Qc8+ Kh7 47. Qf5+ Ng6 48. Nh2 Qe5 1/2-1/2

[Event "FISCA Open 2022"]
[Site "Cap Aurora"]
[Date "2022.06.28"]
[Round "8.4"]
[White "Daianu, Cristian-Clement"]
[Black "Puia, Alexia-Teodora"]
[Result "1-0"]
[ECO "B48"]
[WhiteElo "2149"]
[BlackElo "1787"]
[Annotator "NA RC"]
[PlyCount "45"]
[EventDate "2022.06.22"]
[EventType "swiss"]
[EventCountry "ROU"]
[SourceTitle "playchess.com"]
[Source "ChessBase"]
[SourceQuality "1"]
[TimeControl "5400+30"]

1. e4 c5 2. Nf3 e6 3. d4 cxd4 4. Nxd4 Nc6 5. Nc3 Qc7 6. Be3 a6 7. g4 Bb4 8. Nxc6 Bxc3+ 9. bxc3 bxc6 10. Bg2 d5 11. c4 $11 Nf6 12. O-O h5 13. cxd5 exd5 14. exd5 cxd5 15. Qd4 hxg4 16. Bf4 Qc6 17. c4 Be6 18. cxd5 Bxd5 19. Rac1 Qd7 20. Bxd5 Qxd5 21. Qb4 Ne4 22. Rfe1 f5 23. Rc7 1-0

[Event "FISCA Open 2022"]
[Site "Cap Aurora"]
[Date "2022.06.28"]
[Round "8.6"]
[White "Girmacea, Bogdan"]
[Black "Miron, Iurii"]
[Result "1-0"]
[ECO "A73"]
[WhiteElo "2133"]
[BlackElo "1769"]
[Annotator "NA RC"]
[PlyCount "93"]
[EventDate "2022.06.22"]
[EventType "swiss"]
[EventCountry "ROU"]
[SourceTitle "playchess.com"]
[Source "ChessBase"]
[SourceQuality "1"]
[TimeControl "5400+30"]

1. d4 Nf6 2. Nf3 e6 3. c4 c5 4. d5 exd5 5. cxd5 d6 6. Nc3 g6 7. Nd2 Bg7 8. e4 O-O 9. Be2 Na6 10. O-O Nc7 11. a4 b6 12. Re1 Nfe8 $16 (12... Re8 $14 {might be stronger.}) 13. Nf1 f5 14. exf5 Bxf5 15. Ng3 Bd4 16. Bf3 Qh4 17. Be3 Nf6 18. Nxf5 gxf5 19. g3 Qh3 20. Bxd4 cxd4 21. Qxd4 Rf7 22. Re2 Qh6 23. Rae1 Qg7 24. Qf4 Rd8 25. Qxf5 Nd7 26. Qh5 Rdf8 27. Bg2 Rf5 28. Qh4 Ne5 29. f4 Nd3 30. Rf1 R8f6 31. Be4 Rxf4 32. Qxh7+ Qxh7 33. Bxh7+ Kxh7 34. gxf4 Rf7 35. Rf3 Nb4 36. Rg2 Rg7 37. Rh3+ Kg8 38. Rh6 Ncxd5 39. Nxd5 Nxd5 40. Rxg7+ Kxg7 41. Rxd6 Nxf4 42. Rd7+ Kf6 43. Rxa7 Ke5 44. Ra6 Nd5 45. a5 b5 46. Rh6 Kd4 47. Rd6 1-0

[Event "FISCA Open 2022"]
[Site "Cap Aurora"]
[Date "2022.06.28"]
[Round "8.7"]
[White "Capragiu, Matei-Stefan"]
[Black "Mintau, Andrei-Catalin"]
[Result "1/2-1/2"]
[ECO "E47"]
[WhiteElo "1925"]
[BlackElo "2130"]
[Annotator "NA RC"]
[PlyCount "118"]
[EventDate "2022.06.22"]
[EventType "swiss"]
[EventCountry "ROU"]
[SourceTitle "playchess.com"]
[Source "ChessBase"]
[SourceQuality "1"]
[TimeControl "5400+30"]

1. d4 Nf6 2. c4 e6 3. Nc3 Bb4 4. e3 O-O 5. Bd3 b6 6. Nge2 Bb7 7. O-O d5 8. a3 Bd6 9. Ng3 c5 10. cxd5 cxd4 11. exd4 Nxd5 12. Qh5 g6 13. Qh6 f5 14. Bg5 Be7 15. Bxe7 Qxe7 16. Bc4 Nd7 17. Rfe1 N7f6 18. Qg5 Qd7 19. Re5 Kh8 20. Bb5 Bc6 21. Bxc6 Qxc6 22. Nxd5 Nxd5 23. Rc1 Qd7 24. Rce1 Rae8 25. h4 Nc7 26. h5 Qd8 27. Qc1 g5 28. Qc6 Rf7 29. h6 Ref8 30. Nh5 Qxd4 31. Ng7 g4 32. Qc3 Qxc3 33. bxc3 Rf6 34. Nxe6 Nxe6 35. Rxe6 Kg8 36. Re7 Rxh6 37. Rxa7 Rf7 38. Ree7 Rxe7 39. Rxe7 Rc6 40. Re5 Rf6 41. f4 gxf3 42. gxf3 Kg7 43. c4 Kg6 44. Kg2 Rc6 45. Kg3 Rxc4 46. Re6+ Kg5 47. Rxb6 Rc3 48. Rb8 f4+ 49. Kg2 Kh4 50. Rg8 h5 51. a4 Ra3 52. a5 Rxa5 53. Rg7 Ra2+ 54. Kf1 Kh3 55. Kg1 h4 56. Rg4 Ra1+ 57. Kf2 Ra4 58. Kg1 Rb4 59. Kf2 Ra4 1/2-1/2

[Event "FISCA Open 2022"]
[Site "Cap Aurora"]
[Date "2022.06.28"]
[Round "8.9"]
[White "Stegaroiu, Marcel-Florian"]
[Black "Iordache, Alexia-Andreea"]
[Result "0-1"]
[ECO "A21"]
[WhiteElo "1917"]
[BlackElo "1658"]
[Annotator "NA RC"]
[PlyCount "104"]
[EventDate "2022.06.22"]
[EventType "swiss"]
[EventCountry "ROU"]
[SourceTitle "playchess.com"]
[Source "ChessBase"]
[SourceQuality "1"]
[TimeControl "5400+30"]

1. c4 g6 2. Nc3 Bg7 3. Nf3 d6 4. g3 e5 5. Bg2 f5 6. d3 Nf6 7. O-O O-O 8. Rb1 h6 9. h4 Nbd7 10. b4 Nh5 11. e4 f4 12. gxf4 Nxf4 13. Bxf4 $17 exf4 14. d4 g5 15. hxg5 hxg5 16. Nh2 Nf6 17. f3 Nh5 18. Rf2 c5 19. Ne2 cxd4 20. Qd3 Qb6 21. a4 a5 22. bxa5 Qxa5 23. Rb5 Qd8 24. Nxd4 Rxa4 25. Rd5 Ra1+ 26. Nf1 Be5 27. Nc2 Ra8 28. Rd2 Qf6 29. Nh2 Ng3 30. c5 Be6 31. cxd6 Rad8 32. Qb5 Bxd5 33. Qxd5+ Kh7 34. Ng4 Qxd6 35. Kh2 Qxd5 36. exd5 Bc7 37. Na3 Kh8 38. Nb5 Bd6 39. Ra2 Bc5 40. Rc2 Rxd5 41. Nc7 Rdf5 42. Rd2 R5f7 43. Rd5 Rxc7 44. Rxg5 Rh7+ 45. Bh3 Be7 46. Rb5 Nf1+ 47. Kg2 Ne3+ 48. Nxe3 fxe3 49. Bg4 Bd6 50. Rb3 Rh2+ 51. Kg1 e2 52. Re3 Bc5 0-1